 Dungeon Crawl Stone Soup version 0.31-a0-986-g5e6e4ef867 (webtiles) character file.

Game seed: 5459847300803389271

279525 jestert79 the Spry (level 21, -12/163 HPs)
             Began as a Djinni Fire Elementalist on Nov 14, 2023.
             Was the Champion of Dithmenos.
             Mangled by an ironbound frostheart (45 damage)
             ... on level 1 of the Vaults on Nov 15, 2023.
             The game lasted 05:37:53 (51354 turns).

jestert79 the Spry (Djinni Fire Elementalist)      Turns: 51354, Time: 05:37:53

Health: -12/163    AC: 15    Str: 14    XL:     21   Next: 32%
Gold:   737        EV: 23    Int: 27    God:    Dithmenos [******] SH: 12 Dex: 17

rFire   + + +        a - +3 double sword (heavy)
rCold   x . .        Z - +1 buckler {rF+}
rNeg    . . .        H - +0 steam dragon scales
rPois   ∞            V - +2 helmet {SInv}
rElec   .            c - +1 cloak
rCorr   .            Y - +2 pair of gloves {Str+3}
SInv    +            (boots unavailable)
Will    +++..        w - amulet of reflection
Stlth   ++++++       d - +6 ring of intelligence
HPRegen 0.47/turn    u - ring of willpower
MPRegen 0.00/turn

%: reflection, infuse magic (-13 HP)
@: flying, wreathed by umbra, studying 3 skills
A: sickness immunity, fire resistance 2, cold vulnerability 1, float, innate
caster, HP casting, extra vitality 1
}: 2/15 runes: decaying, serpentine
a: Renounce Religion, Shadow Step, Shadow Form


You were on level 1 of the Vaults.
You worshipped Dithmenos.
Dithmenos was exalted by your worship.
You visited 8 branches of the dungeon, and saw 33 of its levels.

You collected 3878 gold pieces.
You spent 3141 gold pieces at shops.

Inventory:

Hand Weapons
 a - a +3 heavy double sword (weapon)
Missiles
 f - 3 throwing nets
 x - 7 datura-tipped darts
Armour
 c - a +1 cloak (worn)
 C - a +2 kite shield
 H - +0 steam dragon scales (worn)
 V - a +2 helmet of see invisible (worn)
 Y - a +2 pair of gloves of strength (worn)
 Z - a +1 buckler of fire resistance (worn)
Jewellery
 d - a +6 ring of intelligence (left hand)
 j - a ring of protection from fire
 s - a +4 ring of slaying
 u - a ring of willpower (right hand)
 w - an amulet of reflection (around neck)
 y - a ring of resist corrosion
 J - a ring of ice
 L - a ring of fire
 N - a ring of wizardry
 X - a ring of wizardry
Wands
 l - a wand of iceblast (25)
 B - a wand of flame (69)
 O - a wand of polymorph (13)
 S - a wand of light (4)
 T - a wand of mindburst (46)
 U - a wand of paralysis (31)
Scrolls
 g - 4 scrolls of revelation
 h - 3 scrolls of blinking
 i - 2 scrolls of noise
 k - 4 scrolls of immolation
 n - 8 scrolls of poison
 o - a scroll of brand weapon
 p - 6 scrolls of enchant armour
 t - 3 scrolls of vulnerability
 E - 4 scrolls of teleportation
 M - 2 scrolls of fog
 P - a scroll of summoning
 Q - 5 scrolls of fear
 W - 11 scrolls of identify
Potions
 b - 5 potions of lignification
 e - 4 potions of heal wounds
 m - 4 potions of berserk rage
 q - 9 potions of curing
 r - 2 potions of resistance
 v - a potion of invisibility
 z - 5 potions of attraction
 D - a potion of haste
 F - 3 potions of brilliance
 G - 3 potions of mutation
 I - 4 potions of might
 K - 5 potions of ambrosia
 R - 3 potions of enlightenment


   Skills:
 - Level 18.0 Fighting
 - Level 16.0 Long Blades
 - Level 8.2 Armour
 + Level 18.9 Dodging
 - Level 5.0 Stealth
 - Level 6.3 Shields
 + Level 15.2 Spellcasting
 + Level 14.0 Conjurations
 + Level 18.1 Hexes
 + Level 14.0 Summonings
 + Level 14.0 Necromancy
 + Level 14.0 Translocations
 + Level 14.0 Transmutations
 + Level 14.0 Fire Magic
 + Level 14.0 Ice Magic
 + Level 14.0 Air Magic
 + Level 14.0 Earth Magic
 + Level 14.0 Poison Magic


You knew the following spells:

 Your Spells              Type           Power      Damage    Failure   Level
a - Foxfire               Conj/Fire      100%       2x1d9     0%          1
b - Scorch                Fire           100%       2d9       0%          2
c - Volatile Blastmotes   Fire/Tloc      100%       2d18      1%          3
d - Inner Flame           Hex/Fire       82%        N/A       0%          3
e - Flame Wave            Conj/Fire      77%        2d17      1%          4
f - Shock                 Conj/Air       100%       1d9       0%          1
g - Wereblood             Tmut           77%        N/A       0%          2
h - Momentum Strike       Conj/Tloc      100%       3d10      0%          2
i - Sticky Flame          Conj/Fire      77%        2d9       1%          4
j - Summon Forest         Summ/Tloc      38%        N/A       1%          5
k - Lee's Rapid Deconstr  Erth           38%        3d19*     1%          5
l - Plasma Beam           Fire/Air       38%        2x1d52    1%          6
m - Death Channel         Necr           38%        N/A       1%          6
n - Simulacrum            Ice/Necr       38%        N/A       1%          6
o - Summon Horrible Thin  Summ           38%        N/A       54%         8
Your spell library was empty.

Dungeon Overview and Level Annotations

Branches:
Dungeon (15/15)            Temple (1/1) D:7            Lair (5/5) D:9
  Swamp (4/4) Lair:3        Snake (4/4) Lair:3        Slime (0/5) Lair:4
    Orc (2/2) D:10            Elf (1/3) Orc:2        Vaults (1/5) D:14
 Depths (0/4) D:15

Altars:
Ashenzari
Cheibriados
Dithmenos
Elyvilon
Fedhas
Gozag
Hepliaklqana
Makhleb
Nemelex Xobeh
Okawaru
Qazlal
Ru
Trog
Uskayaw
Wu Jian
Xom
Yredelemnul
Zin
The Shining One
Jiyva

Shops:
D:1 :   D:2 (   D:4 [*   D:11 [   D:12 [   D:14 ?   Orc:1 :   Orc:2 [[([
Elf:1 [   Snake:2 =:=   Snake:4 :


Innate Abilities, Weirdness & Mutations

You are immune to sickness and miasma.
You are immune to poison.
Your flesh is very heat resistant. (rF++)
You are vulnerable to cold. (rC-)
You float through the air rather than walking.
You learn spells naturally, not from books.
Your magical power is your life essence.
You have superior vitality. (+4 MHP)


Message History

p - 6 scrolls of enchant armour (gained 1)
You reach down and open the door.
An ironbound frostheart comes into view.
The ironbound frostheart shouts!
The ironbound frostheart calls freezing cold from the walls.
The frost grips you!!
You feel a terrible chill!
You emit a cloud of dark smoke.
You are encased in ice.
There is an open door here.
Unknown command.
Unknown command.
Unknown command.
Unknown command.
You block the ironbound frostheart's attack.
The ice encasing you melts away. The ironbound frostheart touches you!
The ironbound frostheart freezes you!!
You feel a terrible chill!
You slice the ironbound frostheart!!
The ironbound frostheart is heavily wounded.
The ironbound frostheart touches you! The ironbound frostheart freezes you!!!
You feel a terrible chill!
* * * LOW HITPOINT WARNING * * *
You emit a cloud of dark smoke.
Unknown command.
Casting: Sticky Flame (safe; 1% risk of failure)
Confirm with . or Enter, or press ? or * to list all spells.
Aiming: Sticky Flame (safe; 1% risk of failure)
Press: ? - help, Shift-Dir - straight line, f - ironbound frostheart
Aim: an ironbound frostheart, wearing a +0 ring mail (black smoke, heavily wounded, umbra)
The sticky flame hits the ironbound frostheart.
The ironbound frostheart is heavily wounded.
The ironbound frostheart is covered in liquid flames!
Your shadow mimics your spell!
The shadow shard hits the ironbound frostheart!!
* * * LOW HITPOINT WARNING * * *
The ironbound frostheart burns!
The ironbound frostheart touches you!
* * * LOW HITPOINT WARNING * * *
You emit a cloud of dark smoke.
The ironbound frostheart freezes you!!!
You feel a terrible chill!
You die...

#...##.....##........
#....#.....'.........
#....##...##.........
#..(..#####..........
#....................
#....................
#..........#########.
#..........#§§§....#
#..........#p@§....#
#........§§#§§§....#
#........§§§§......#
#........§§#§......#
#..........#.......#
#..........#########
#................
#................
#................


You could see an ironbound frostheart (burning).

Vanquished Creatures
  Jorgrun (Orc:2)
  Mlioglotl (Swamp:1)
  2 thorn hunters (Swamp:2)
  Aizul (Elf:1)
  Donald (Swamp:3)
  6 nagarajas
  An orc warlord (Orc:2)
  4 eleionomae
  7 bunyips
  A deep elf annihilator (Elf:1)
  Snorg (Lair:5)
  2 shambling mangroves (Swamp:4)
  Erolcha (Orc:2)
  A yaktaur captain (Vaults:1)
  3 vault guards
  14 hydras
  3 salamander tyrants
  11 anacondas
  6 centaur warriors
  2 boulder beetles
  2 ghost crabs (Swamp:3)
  2 two-headed ogres
  4 alligators
  A tengu warrior (D:13)
  2 dancing weapons (Elf:1)
  A death yak (Lair:5)
  8 naga warriors
  7 shock serpents
  Nergalle (Orc:2)
  2 deep elf knights (Elf:1)
  11 naga sharpshooters
  8 salamander mystics
  8 skeletal warriors
  A death drake (Swamp:3)
  A flayed ghost (D:15)
  2 bog bodies
  9 swamp dragons
  8 goliath frogs
  3 spriggan druids
  3 sea snakes (Snake:4)
  2 naga ritualists
  4 arcanists
  8 orc knights
  2 necromancers
  2 deep elf archers (Elf:1)
  A harpy (shapeshifter) (D:14)
  5 mana vipers
  3 deep elf zephyrmancers (Elf:1)
  A manticore (D:14)
  An ironbound convoker (Vaults:1)
  7 deep elf pyromancers (Elf:1)
  2 cyclopes
  5 orc sorcerers
  4 ugly things
  3 will-o-the-wisps
  16 salamanders
  26 black mambas
  A vault sentinel (Vaults:1)
  11 naga magi
  19 elephants
  A torpor snail (Lair:5)
  10 cane toads
  7 guardian serpents
  A cane toad (shapeshifter) (D:14)
  An unseen horror (D:13)
  2 kobold demonologists
  11 komodo dragons
  A freezing wraith (D:15)
  An efreet (D:14)
  8 yaktaurs
  7 rime drakes
  8 polar bears
  8 trolls
  8 hornets
  A bloated husk (Swamp:3)
  A wolf spider simulacrum (D:13)
  11 tyrant leeches
  2 dream sheep
  14 blink frogs
  A spriggan zombie (D:15)
  2 spriggans (Swamp:1)
  A vampire (D:11)
  5 slime creatures
  2 shadows (D:11)
  A centaur simulacrum (D:13)
  A spriggan skeleton (D:15)
  An air elemental (Elf:1)
  11 humans (D:14)
  3 wraiths
  5 water elementals
  20 yaks
  3 basilisks
  A hog (shapeshifter) (D:13)
  2 wyverns
  2 steam dragons
  Edmund (D:4)
  4 vampire mosquitoes
  8 wargs
  20 nagas
  An acid dragon (D:12)
  11 water moccasins
  12 swamp worms
  10 hell hounds (Lair:5)
  11 swamp drakes
  28 orc warriors
  A sky beast (D:6)
  5 ogres (Orc:2)
  9 black bears
  14 wolves
  10 centaurs
  A phantom (D:4)
  3 kobold brigands
  12 bullfrogs
  3 gnoll sergeants
  An earth elemental (Elf:1)
  2 scorpions
  3 wights (D:9)
  6 killer bees
  5 howler monkeys
  6 electric eels
  7 hounds
  4 lava snakes
  10 orc priests
  3 jellies
  A sleepcap (D:6)
  Jessica (D:3)
  2 iguanas
  14 orc wizards
  2 human simulacra (D:9)
  3 adders
  12 gnolls
  A shadow imp (D:7)
  3 white imps
  A dart slug (D:3)
  81 orcs
  2 bats
  7 endoplasms
  5 giant cockroaches
  5 goblins
  5 hobgoblins
  3 jackals (D:1)
  18 kobolds
  3 quokkas
  5 ball pythons
  A frilled lizard (D:1)
  5 rats
  A butterfly (Lair:1)
832 creatures vanquished.

Vanquished Creatures (collateral kills)
  Vashnia (Snake:2)
  2 nagarajas
  2 eleionomae
  3 bunyips
  Azrael (Snake:3)
  A dire elephant (Lair:5)
  A salamander tyrant (Snake:2)
  Harold (Lair:1)
  3 alligators
  6 hydras
  2 catoblepae (Lair:5)
  A dancing weapon (Elf:1)
  A centaur warrior (D:14)
  3 naga warriors
  A two-headed ogre (D:10)
  2 death yaks (Lair:5)
  7 naga sharpshooters
  5 shock serpents
  2 deep elf knights (Elf:1)
  Amaemon (Lair:1)
  2 sea snakes (Snake:4)
  2 goliath frogs
  A lindwurm (Lair:5)
  2 naga ritualists
  2 swamp dragons (Swamp:4)
  2 bog bodies
  5 orc knights
  2 deep elf pyromancers (Elf:1)
  2 ugly things (D:15)
  2 deep elf zephyrmancers (Elf:1)
  3 manticores
  2 mana vipers
  An orc sorcerer (Orc:1)
  12 elephants
  2 guardian serpents
  13 salamanders
  12 black mambas
  2 naga magi
  An orange demon (Lair:1)
  A gargoyle (D:14)
  2 cane toads
  6 komodo dragons
  4 polar bears
  4 dream sheep
  2 hornets
  2 raiju (Lair:5)
  6 blink frogs
  A slime creature (D:12)
  A spriggan (Swamp:1)
  An air elemental (Elf:1)
  A vampire (D:10)
  15 yaks
  2 basilisks
  A wyvern (Lair:5)
  3 fire elementals
  7 humans (D:14)
  2 vampire mosquitoes
  5 wargs
  14 nagas
  7 water moccasins
  7 hell hounds
  16 orc warriors
  3 black bears (Lair:5)
  2 ogres (Orc:1)
  8 wolves (Lair:5)
  2 bullfrogs
  3 howler monkeys (D:10)
  5 orc priests
  5 orc wizards
  29 orcs
  18 foxfires
301 creatures vanquished.

Vanquished Creatures (others)
  A deep elf zephyrmancer (Elf:1)
  A naga mage (Snake:4)
  A black mamba (Snake:2)
  1278 foxfires
  26 snaplasher vines
1307 creatures vanquished.

Grand Total: 2440 creatures vanquished

Notes
Turn   | Place    | Note
-------+----------+-------------------------------------------
     0 | D:1      | jestert79 the Djinni Fire Elementalist began the quest for
                  | the Orb.
     0 | D:1      | jestert79 set off with the following spells memorised:
                  | Foxfire, Scorch, Volatile Blastmotes, Inner Flame, Flame
                  | Wave.
     0 | D:1      | Reached XP level 1. HP: 15/15 MP: 0/0
   114 | D:1      | Reached XP level 2. HP: 19/21 MP: 0/0
   470 | D:1      | Reached XP level 3. HP: 25/25 MP: 0/0
   470 | D:1      | Learned a level 1 spell: Shock
   787 | D:2      | Found Hohoemum's Antique Weapon Shop.
  1045 | D:2      | Found a faded altar of an unknown god.
  1196 | D:2      | Reached XP level 4. HP: 31/31 MP: 0/0
  1374 | D:3      | Identified the "Nafututt"
  1431 | D:3      | Noticed Jessica
  1441 | D:3      | Killed Jessica
  1741 | D:3      | Reached XP level 5. HP: 32/35 MP: 0/0
  1741 | D:3      | Learned a level 2 spell: Wereblood
  2190 | D:3      | Noticed a water moccasin
  2282 | D:3      | Killed a water moccasin
  2283 | D:3      | Reached XP level 6. HP: 34/40 MP: 0/0
  2507 | D:4      | Found Iruic's Antique Armour Boutique.
  2549 | D:4      | Found Ukhliwum's Assorted Antiques.
  2679 | D:4      | Reached XP level 7. HP: 37/45 MP: 0/0
  2679 | D:4      | Learned a level 2 spell: Momentum Strike
  2876 | D:4      | Noticed Edmund
  3224 | D:4      | Killed Edmund
  3225 | D:4      | Reached skill level 5 in Stealth
  3285 | D:5      | Entered Level 5 of the Dungeon
  3684 | D:5      | Found a glowing silver altar of Zin.
  4122 | D:5      | Reached skill level 5 in Spellcasting
  4122 | D:5      | Reached skill level 5 in Conjurations
  4122 | D:5      | Reached skill level 5 in Hexes
  4122 | D:5      | Reached skill level 5 in Summonings
  4122 | D:5      | Reached skill level 5 in Necromancy
  4122 | D:5      | Reached skill level 5 in Translocations
  4122 | D:5      | Reached skill level 5 in Transmutations
  4122 | D:5      | Reached skill level 5 in Fire Magic
  4122 | D:5      | Reached skill level 5 in Ice Magic
  4122 | D:5      | Reached skill level 5 in Air Magic
  4122 | D:5      | Reached skill level 5 in Earth Magic
  4122 | D:5      | Reached skill level 5 in Poison Magic
  4859 | D:6      | Reached skill level 1 in Fighting
  4859 | D:6      | Reached XP level 8. HP: 47/52 MP: 0/0
  5201 | D:6      | Found a broken altar of Ashenzari.
  5307 | D:6      | Found a blossoming altar of Fedhas.
  5310 | D:6      | Found a stormy altar of Qazlal.
  5310 | D:6      | Found a glowing golden altar of the Shining One.
  5554 | D:6      | Reached skill level 1 in Long Blades
  5980 | D:7      | Reached XP level 9. HP: 58/61 MP: 0/0
  5980 | D:7      | Learned a level 4 spell: Sticky Flame
  5990 | D:7      | Reached skill level 5 in Dodging
  6034 | D:7      | Found a staircase to the Ecumenical Temple.
  6046 | Temple   | Entered the Ecumenical Temple
  6102 | Temple   | Became a worshipper of Dithmenos the Shadowed
  6660 | D:7      | Found a basalt altar of Yredelemnul.
  7192 | D:7      | Found a hazy altar of Hepliaklqana.
  7243 | D:7      | Found a hide-covered altar of Uskayaw.
  7245 | D:7      | Found a sparkling altar of Nemelex Xobeh.
  7245 | D:7      | Found a burning altar of Makhleb.
  7245 | D:7      | Found a snail-covered altar of Cheibriados.
  7246 | D:7      | Found a white marble altar of Elyvilon.
  7252 | D:7      | Found a shimmering altar of Xom.
  7445 | D:2      | Bought a runed double sword for 468 gold pieces
  7979 | D:8      | Reached skill level 5 in Fighting
  7994 | D:8      | Reached XP level 10. HP: 41/70 MP: 0/0
  8204 | D:8      | Reached * piety under Dithmenos
  8937 | D:8      | Reached skill level 5 in Long Blades
  9209 | D:9      | Found a staircase to the Lair.
  9219 | D:9      | Noticed a kobold demonologist
  9228 | D:9      | Killed a kobold demonologist
  9353 | D:9      | Reached ** piety under Dithmenos
  9367 | D:9      | Reached XP level 11. HP: 68/78 MP: 0/0
  9367 | D:9      | Learned a level 5 spell: Summon Forest
  9568 | D:9      | Found a bloodstained altar of Trog.
  9970 | Lair:1   | Entered Level 1 of the Lair of Beasts
 10527 | Lair:1   | Noticed Harold
 10535 | Lair:1   | Killed Harold
 10820 | Lair:1   | Reached XP level 12. HP: 78/88 MP: 0/0
 10837 | Lair:1   | Reached *** piety under Dithmenos
 11261 | Lair:1   | Noticed Amaemon
 11269 | Lair:1   | Killed Amaemon
 11270 | Lair:1   | Reached skill level 10 in Dodging
 12007 | Lair:2   | Reached skill level 10 in Hexes
 12750 | Lair:2   | You are sucked into a shaft and drop 1 floor!
 12751 | Lair:3   | Noticed a six-headed hydra
 13122 | Lair:3   | Reached XP level 13. HP: 92/95 MP: 0/0
 13122 | Lair:3   | Learned a level 5 spell: Lee's Rapid Deconstruction
 13229 | Lair:3   | Noticed a six-headed hydra
 13322 | Lair:3   | Reached skill level 10 in Fighting
 13326 | Lair:3   | Reached **** piety under Dithmenos
 13344 | Lair:3   | Killed a six-headed hydra
 13908 | Lair:3   | Killed a six-headed hydra
 14090 | Lair:3   | Found a staircase to the Snake Pit.
 14238 | Lair:3   | Found a staircase to the Swamp.
 14957 | Lair:4   | Found a viscous altar of Jiyva.
 14960 | Lair:4   | Found a staircase to the Slime Pits.
 15741 | Lair:4   | Reached XP level 14. HP: 71/105 MP: 0/0
 16392 | Lair:4   | Reached skill level 10 in Long Blades
 16710 | Lair:5   | Entered Level 5 of the Lair of Beasts
 16765 | Lair:5   | Reached skill level 10 in Spellcasting
 16765 | Lair:5   | Reached skill level 10 in Conjurations
 16765 | Lair:5   | Reached skill level 10 in Summonings
 16765 | Lair:5   | Reached skill level 10 in Necromancy
 16765 | Lair:5   | Reached skill level 10 in Translocations
 16765 | Lair:5   | Reached skill level 10 in Transmutations
 16765 | Lair:5   | Reached skill level 10 in Fire Magic
 16765 | Lair:5   | Reached skill level 10 in Ice Magic
 16765 | Lair:5   | Reached skill level 10 in Air Magic
 16765 | Lair:5   | Reached skill level 10 in Earth Magic
 16765 | Lair:5   | Reached skill level 10 in Poison Magic
 17127 | Lair:5   | Reached ***** piety under Dithmenos
 17186 | Lair:5   | Noticed a dire elephant
 17262 | Lair:5   | Noticed Snorg
 17423 | D:10     | Entered Level 10 of the Dungeon
 17834 | D:10     | Found an ornate altar of the Wu Jian Council.
 18117 | D:10     | Found a staircase to the Orcish Mines.
 18520 | Orc:1    | Entered Level 1 of the Orcish Mines
 18669 | Orc:1    | Found Kufai's Book Shop.
 18763 | Orc:2    | Entered Level 2 of the Orcish Mines
 18998 | Orc:2    | Noticed Erolcha
 19387 | D:11     | Found Ycyawaol's Armour Emporium.
 19751 | D:1      | Bought a manual of Long Blades for 880 gold pieces
 21134 | Lair:5   | Killed a dire elephant
 21333 | Lair:5   | Reached XP level 15. HP: 87/112 MP: 0/0
 21333 | Lair:5   | Learned a level 6 spell: Plasma Beam
 21581 | Lair:5   | Reached ****** piety under Dithmenos
 22807 | D:11     | Bought a +2 helmet of see invisible for 387 gold pieces
 23065 | Lair:5   | Killed Snorg
 23878 | Orc:2    | Killed Erolcha
 23989 | Orc:1    | Noticed Nergalle
 24003 | Orc:2    | Killed Nergalle
 24706 | Orc:2    | Found Cenureor's Weapon Shop.
 24706 | Orc:2    | Found Eratod's Armour Shoppe.
 25057 | Orc:2    | Noticed an orc warlord
 25166 | Orc:2    | Killed an orc warlord
 25942 | Orc:2    | Found a staircase to the Elven Halls.
 25969 | Orc:2    | Reached XP level 16. HP: 118/121 MP: 0/0
 26135 | Orc:2    | Noticed Jorgrun
 26146 | Orc:2    | Killed Jorgrun
 26541 | Orc:2    | Found Seopeh's Armour Shop.
 26541 | Orc:2    | Found Oneuxih's Armour Shoppe.
 27339 | Swamp:1  | Entered Level 1 of the Swamp
 27345 | Swamp:1  | Noticed Mlioglotl
 27374 | Swamp:1  | Killed Mlioglotl
 27376 | Swamp:1  | Reached skill level 15 in Dodging
 28992 | Swamp:2  | Identified the +1 helmet of the Stars {rPois SInv}
 29206 | Swamp:2  | HP: 4/123 [eleionoma/spray of wooden splinters (33)]
 29756 | Swamp:2  | Reached skill level 15 in Hexes
 30163 | Swamp:2  | Noticed a thorn hunter
 30169 | Swamp:2  | Killed a thorn hunter
 30844 | Swamp:3  | Noticed a thorn hunter
 30854 | Swamp:2  | Killed a thorn hunter
 30858 | Swamp:2  | Reached XP level 17. HP: 64/129 MP: 0/0
 30858 | Swamp:2  | Learned a level 6 spell: Death Channel
 31252 | Swamp:3  | Noticed Donald
 31637 | D:11     | Bought a +0 scale mail of cold resistance for 198 gold
                  | pieces
 31768 | Orc:2    | Bought a +0 buckler for 54 gold pieces
 32044 | Swamp:3  | Killed Donald
 32045 | Swamp:3  | Reached skill level 15 in Long Blades
 32399 | Swamp:3  | Reached skill level 1 in Shields
 33054 | Swamp:4  | Entered Level 4 of the Swamp
 34894 | Swamp:4  | Got a decaying rune of Zot
 35846 | D:12     | Reached skill level 15 in Fighting
 36215 | D:12     | Found Ykedd's Armour Boutique.
 36227 | D:12     | Bought a +2 pair of gloves of strength for 279 gold pieces
 36588 | D:12     | Identified the +0 plate armour of the Salmon {rElec rC+
                  | Str+2}
 37341 | D:13     | Reached XP level 18. HP: 130/138 MP: 0/0
 38027 | D:14     | Reached skill level 5 in Shields
 39043 | D:14     | Found Purghimn's Magic Scroll Shoppe.
 39060 | D:14     | Bought a scroll of acquirement for 728 gold pieces
 39060 | D:14     | Bought a scroll of enchant weapon for 105 gold pieces
 39060 | D:14     | Bought a scroll of teleportation for 42 gold pieces
 39068 | D:14     | Acquired a manual of Spellcasting
 39396 | D:14     | Found a gate to the Vaults.
 39455 | D:15     | Entered Level 15 of the Dungeon
 40113 | D:15     | Found a staircase to the Depths.
 40584 | D:15     | Found a hide-covered altar of Uskayaw.
 40627 | D:15     | Found a burning altar of Makhleb.
 41337 | Snake:1  | Entered Level 1 of the Snake Pit
 41675 | Snake:1  | Reached XP level 19. HP: 147/147 MP: 0/0
 41675 | Snake:1  | Learned a level 6 spell: Simulacrum
 41729 | Snake:1  | Reached skill level 1 in Armour
 44106 | Snake:2  | Reached XP level 20. HP: 125/154 MP: 0/0
 44609 | Snake:2  | Found a runed translucent door.
 44860 | Snake:2  | Noticed Vashnia
 45658 | Snake:2  | Reached skill level 5 in Armour
 45665 | Snake:2  | Killed Vashnia
 45914 | Snake:2  | Found Ikiguafu's Jewellery Shop.
 45914 | Snake:2  | Found Elisun's Book Shoppe.
 45915 | Snake:2  | Found Roeleosh's Jewellery Shop.
 46607 | Snake:3  | Noticed Azrael
 46613 | Snake:3  | Killed Azrael
 47370 | Snake:3  | Identified the +6 broad axe of Qoav Zin {flame, *Rage rElec
                  | rF+}
 47660 | Snake:4  | Entered Level 4 of the Snake Pit
 47846 | Snake:4  | Found Muykys's Self-Improvement Boutique.
 49506 | Snake:4  | Reached XP level 21. HP: 96/162 MP: 0/0
 49506 | Snake:4  | Learned a level 8 spell: Summon Horrible Things
 49775 | Snake:4  | Got a serpentine rune of Zot
 50190 | Vaults:5 | Identified the "Docerur"
 50190 | Depths:2 | Identified the "Xeykhesm"
 50190 | Elf:1    | Identified the "Xazudet"
 50190 | Elf:1    | Entered Level 1 of the Elven Halls
 50448 | Elf:1    | Reached skill level 15 in Spellcasting
 50468 | Elf:1    | Paralysed by an air elemental for 1 turns
 50733 | Elf:1    | Found Jaosaq's Antique Armour Shoppe.
 50740 | Elf:1    | Identified the serpent talisman of the Morning Star {rPois
                  | rN+ Int-3}
 50740 | Elf:1    | Noticed Aizul
 50753 | Elf:1    | Killed Aizul
 50781 | Elf:1    | HP: 8/162 [deep elf archer/arrow (25)]
 50803 | Elf:1    | HP: 7/163 [+1 halberd of protection (21)]
 51221 | Vaults:1 | Entered Level 1 of the Vaults
 51354 | Vaults:1 | Mangled by an ironbound frostheart

Illustrated notes

Levels and vault maps discovered:
D:1:      roadster_arrival_rocket_small, layout_basic, serial_shops, shop,
          grunt_decor_mini_mirrors, minmay_misc_feat_columns
D:2:      layout_basic, shapermc_ecumenical_altar_mp_urbaneastern, serial_shops,
          nicolae_shop_waterfront
D:3:      layout_loops_ring, grunt_decor_arrowhead, kennysheep_jessica_study
D:4:      layout_basic, serial_shops, nicolae_shop_waterfront, shop, uniq_edmund
D:5:      layout_layer_cave, amcnicky_altar_gilded, serial_co_window_serial,
          co_window_paths_a, co_window_corner_a, co_window_paths_a,
          co_window_paths_a, co_window_corner_a, co_window_of_opportunity_a,
          co_window_paths_a, co_window_paths_a, co_window_paths_b,
          co_window_cross_2, co_window_of_opportunity_b, co_window_corner_cb,
          co_window_corner_cb, co_window_corner_cb, co_window_paths_e,
          glass_columns_b, glass_columns_c, glass_columns_a
D:6:      layout_loops_ring, cheibrodos_ashenzari_chains,
          mainiacjoe_overflow_alcove_3
D:7:      layout_cave_pods, mainiacjoe_overflow_catwalk, minitemple,
          minmay_temple_entry_drinking_statues, hangedman_minor_gate_pass
D:8:      nicolae_moon_pools, layout_cave_pools
D:9:      layout_long_grid, overflow_temple_1_default, dpeg_oklobed_lair,
          bh_circular_ruins
D:10:     layout_loops_cross, nzn_wu_jian_contemplation, orc_0_dummy,
          special_room [special_room_orc]
D:11:     layout_loops_ring, serial_shops, nicolae_shop_stone
D:12:     layout_basic, serial_shops, nicolae_shop_tiny_glass
D:13:     layout_loops_ring, kb_rosetta
D:14:     layout_cave_pools, grunt_vaults_entry_tiered, serial_shops, shop_coins
D:15:     gammafunk_depths_entry_grave, layout_basic,
          nicolae_uskayaw_murder_on_the_dancefloor, bloody_makhleb
Temple:   nicolae_temple_superstar
Lair:1:   layout_cave_pods, lemuel_fruit_tree, lemuel_fruit_fields,
          serial_bayou_shore_a, uniq_harold, uniq_amaemon
Lair:2:   layout_regular_city
Lair:3:   layout_concentric_octagons, palyth_hydra_swamp_entry,
          minmay_snake_entry_six_corridors, beast_lair_carwin_4
Lair:4:   layout_gridlike, dpeg_slime_entry_corner,
          chequers_serial_rivers_large_a, minmay_hedge_maze,
          pdpol_lair_cavern_descent
Lair:5:   hangedman_lair_caniforms_friends, layout_loops_ring,
          hangedman_lair_in_review, uniq_snorg
Swamp:1:  layout_basic_swamp, nicolae_swamp_trees_clearing, uniq_mlioglotl
Swamp:2:  layout_basic_swamp, evilmike_swamp_ruin_house_3, swamp_pool_4,
          nicolae_swamp_snake_nest
Swamp:3:  cheibrodos_swamp_tower_of_moss, layout_basic_swamp,
          evilmike_swamp_ruin_house_5, nicolae_swamp_drake_lake, uniq_donald
Swamp:4:  swamp_alternative, layout_basic_swamp
Snake:1:  layout_gridlike
Snake:2:  layout_basic, lightli_airlock, grunt_megastairs_3, minmay_shop_grove,
          uniq_vashnia
Snake:3:  layout_onion_interference, nicolae_snake_salamander_fort,
          grunt_megastairs_2, uniq_azrael
Snake:4:  grunt_snake_rune_pools, layout_rooms, nicolae_shop_self_help
Orc:1:    layout_caves, serial_shops, nicolae_shop_trees, uniq_nergalle
Orc:2:    st_orc_town, layout_caves, uniq_erolcha, uniq_jorgrun
Elf:1:    elf_arrival_002, layout_geoelf_octagon, serial_shops,
          nicolae_shop_overgrown_old_shop, hangedman_elven_crosses_minicolossus,
          st_stairs_1, minmay_elf_annihilation, uniq_aizul, uniq_louise
Vaults:1: v_misc_30, nicolae_vaults_trapezoid_4, nicolae_vaults_trapezoid_2,
          ontoclasm_vaults_hangar, nicolae_vaults_stairing_the_circle,
          nicolae_vaults_house_3, ontoclasm_vaults_eye,
          nicolae_vaults_trapezoid_1, vaults_dpeg_hooks,
          nicolae_vaults_murder_corner, vaults_mumra_lcd, layout_vaults_omnigrid

Skill      XL: |  1  2  3  4  5  6  7  8  9 10 11 12 13 14 15 16 17 18 19 20 21 |
---------------+----------------------------------------------------------------+-----
Spellcasting   | 4 5 6 7 8 9 10 11 12 13 14 15 | 15.2
Conjurations   | 4 5 6 7 8 9 10 11 12 13 14 | 14.0
Hexes          | 4 5 6 7 9 10 11 13 14 15 16 17 18 | 18.1
Summonings     | 4 5 6 7 8 9 10 11 12 13 14 | 14.0
Necromancy     | 4 5 6 7 8 9 10 11 12 13 14 | 14.0
Translocations | 4 5 6 7 8 9 10 11 12 13 14 | 14.0
Transmutations | 4 5 6 7 8 9 10 11 12 13 14 | 14.0
Fire Magic     | 4 5 6 7 8 9 10 11 12 13 14 | 14.0
Ice Magic      | 4 5 6 7 8 9 10 11 12 13 14 | 14.0
Air Magic      | 4 5 6 7 8 9 10 11 12 13 14 | 14.0
Earth Magic    | 4 5 6 7 8 9 10 11 12 13 14 | 14.0
Poison Magic   | 4 5 6 7 8 9 10 11 12 13 14 | 14.0
Stealth        | 2 3 4 5 |  5.0
Fighting       | 1 3 5 6 8 9 11 12 13 14 15 16 17 18 | 18.0
Dodging        | 3 4 6 8 9 11 12 13 14 15 16 17 18 | 18.9
Long Blades    | 1 4 5 7 8 9 11 13 14 16 | 16.0
Shields        | 4 6 |  6.3
Armour         | 4 7 8 |  8.2

Action                     |  1- 3 |  4- 6 |  7- 9 | 10-12 | 13-15 | 16-18 | 19-21 || total
---------------------------+-------+-------+-------+-------+-------+-------+-------++-------
  Melee: Short sword       |     6 |     6 |     3 |       |       |       |       ||    15
         Double sword      |       |       |     4 |    63 |   329 |   320 |   324 ||  1040
         Scimitar          |       |       |     4 |       |       |       |       ||     4
         Punch             |       |       |       |     2 |     3 |     2 |       ||     7
   Cast: Foxfire           |    47 |    44 |   142 |   154 |   154 |   156 |    34 ||   731
         Scorch            |       |     7 |    44 |   124 |   182 |   175 |    48 ||   580
         Volatile Blastmot |       |     1 |     5 |     1 |     2 |       |       ||     9
         Inner Flame       |       |       |     2 |       |     1 |       |       ||     3
         Flame Wave        |       |       |       |     6 |     6 |     4 |     4 ||    20
         Summon Forest     |       |       |       |    16 |    66 |    52 |    23 ||   157
         Lee's Rapid Decon |       |       |       |       |     7 |       |       ||     7
         Sticky Flame      |       |       |       |       |    35 |    82 |    34 ||   151
         Plasma Beam       |       |       |       |       |    15 |    54 |    52 ||   121
         Shock             |       |       |       |       |       |    19 |     3 ||    22
         Death Channel     |       |       |       |       |       |     7 |    14 ||    21
         Simulacrum        |       |       |       |       |       |       |    18 ||    18
         Momentum Strike   |       |       |       |       |       |       |     1 ||     1
  Evoke: Wand              |       |       |     1 |       |     1 |       |     1 ||     3
    Use: Scroll            |       |       |    18 |     5 |     7 |     8 |     1 ||    39
         Potion            |       |       |     1 |       |       |     4 |     4 ||     9
   Stab: Distracted        |       |       |       |       |     6 |    10 |     9 ||    25
         Sleeping          |       |       |       |       |     2 |     4 |     2 ||     8
 Armour: Robe              |     8 |     4 |    21 |     1 |       |       |       ||    34
         Steam dragon scal |       |       |       |    63 |   222 |   212 |   238 ||   735
  Dodge: Dodged            |    11 |     4 |    11 |    86 |   449 |   382 |   279 ||  1222
  Block: Other             |       |       |     5 |    21 |   127 |    26 |       ||   179
         Reflection        |       |       |     1 |     1 |     4 |    21 |    56 ||    83
         Buckler           |       |       |       |       |       |   144 |   256 ||   400

Table legend: (Time is in decaauts)
 A = Elapsed time spent in this place.
 B = Non-inter-level travel time spent in this place.
 C = Inter-level travel time spent in this place.
 D = Time resting spent in this place.
 E = Time spent auto-exploring this place.
 F = Levels seen in this place.
 G = Mean time per level.
                   A        B        C        D        E       F      G
               +--------+--------+--------+--------+--------+-----+--------+
         Total |  51622 |  45437 |   6185 |  16175 |  13215 |  33 | 1564.3 |
       Dungeon |  18842 |  15458 |   3384 |   2648 |   8493 |  15 | 1256.1 |
        Temple |     69 |     57 |     12 |      0 |      0 |   1 |   69.0 |
          Lair |  12323 |  10800 |   1523 |   4343 |   2501 |   5 | 2464.6 |
         Swamp |   7005 |   6561 |    444 |   3498 |   1048 |   4 | 1751.2 |
     Snake Pit |   8686 |   8262 |    424 |   3709 |    787 |   4 | 2171.5 |
  Orcish Mines |   4258 |   3864 |    394 |   1925 |    386 |   2 | 2129.0 |
   Elven Halls |    302 |    302 |      0 |     41 |      0 |   1 |  302.0 |
        Vaults |    134 |    134 |      0 |     11 |      0 |   1 |  134.0 |
               +--------+--------+--------+--------+--------+-----+--------+

Top non-repeatable levels by time:
 Snake:2: 3875 daAuts
  Lair:5: 3385 daAuts
   Orc:2: 2988 daAuts
  Lair:3: 2870 daAuts
  Lair:1: 2205 daAuts
  Lair:4: 2192 daAuts
 Swamp:2: 2147 daAuts
 Swamp:3: 2121 daAuts
 Snake:4: 2048 daAuts
 Snake:1: 1787 daAuts
  Lair:2: 1669 daAuts
    D:13: 1617 daAuts
    D:10: 1534 daAuts
 Swamp:4: 1532 daAuts
     D:5: 1520 daAuts
